 Dungeon Crawl Stone Soup version 0.27-b1-42-g19c61b19a5 (webtiles) character file.

Game seed: 13553252121379587855

30 Sin92 the Skirmisher (level 3, -7/29 HPs)
             Began as a Demonspawn Fighter on July 29, 2021.
             Mangled by Sigmund (9 damage)
             ... on level 2 of the Dungeon.
             The game lasted 00:01:27 (904 turns).

Sin92 the Skirmisher (Demonspawn Fighter)            Turns: 904, Time: 00:01:28

Health: -7/29      AC:  9    Str: 23    XL:     3   Next: 3%
Magic:  3/3        EV:  5    Int:  9    God:
Gold:   43         SH:  0    Dex: 12    Spells: 2/2 levels left

rFire    . . .     SeeInvis .   i - +0 whip (flame)
rCold    . . .     Faith    .   c - +0 kite shield
rNeg     . . .     Spirit   .   h - +0 chain mail
rPois    .         Reflect  .   (no helmet)
rElec    .         Harm     .   (no cloak)
rCorr    .         Rampage  .   (no gloves)
Will     .....                  (no boots)
Stlth    ..........             (no amulet)
HPRegen  0.09/turn              e - +6 ring of strength
MPRegen  0.08/turn              (no ring)

@: confused, mighty, brilliant
A: demonic guardian 1
a: no special abilities


You were on level 2 of the Dungeon.
You visited 1 branch of the dungeon, and saw 2 of its levels.

You collected 43 gold pieces.

Inventory:

Hand Weapons
 a - a +0 long sword
 i - a +0 whip of flaming (weapon)
Armour
 b - a +0 scale mail
 c - a +0 kite shield (worn)
 h - a +0 chain mail (worn)
Jewellery
 e - a +6 ring of strength (left hand)
Scrolls
 j - a scroll of fog {unknown}
Potions
 f - a potion of degeneration {unknown}
 k - a potion of attraction {unknown}


   Skills:
 + Level 3.1 Fighting
 - Level 2.3 Long Blades
 * Level 0.0 Maces & Flails
 + Level 2.9 Armour
 + Level 0.6 Dodging
 + Level 2.9 Shields


You had 2 spell levels left.
You didn't know any spells.
Your spell library contained the following spells:

 Spells                   Type           Power      Damage    Failure   Level
 Gell's Gravitas          Tloc           0%         N/A       100%        3
 Teleport Other           Tloc           0%         N/A       100%        3
 Dispersal                Tloc           0%         N/A       100%        6


Dungeon Overview and Level Annotations

Branches:
Dungeon (2/15)

Altars:

Annotations:
D:2 Sigmund


Innate Abilities, Weirdness & Mutations

A weak demonic guardian rushes to your aid.


Message History

You closely miss Sigmund.
Sigmund mumbles some strange words.
Sigmund flickers and vanishes!
Deactivating autopickup; reactivate with Ctrl-A.
Unknown command.
No target in view!
Unknown command.
There is a strange disturbance nearby!
No target in view!
Unknown command.
There is a strange disturbance nearby!
No target in view!
You feel very mighty all of a sudden. You block something's attack.
You miss something. Something hits you.
A demonic guardian appears!
You closely miss something.
You hear some strange, mumbled words.
You are confused.
Something hits you.
You miss something. Something hits you but does no damage.
Unknown command.
It was a potion of brilliance.
You feel clever all of a sudden. Something hits you!
* * * LOW HITPOINT WARNING * * *
You closely miss your ufetubus. Something hits you.
* * * LOW HITPOINT WARNING * * *
Something hits you but does no damage.
Unknown command.
You completely miss something.
You feel less confused.
You hear some strange, mumbled words.
You are confused.
Unknown command.
You closely miss something.
You hear some strange, mumbled words.
Something tries to affect you, but you resist.
Your shield and chain mail prevent you from hitting something.
Something hits you!
You die...

######## #......#
#.[...†###
######.....)..# #..
.#......#.#
#.##[#.#....#.#
#...5#.##.#.#.#
#.#@.#.#..#.#.# #
#.#{.#)#..#.#.# #
#.#..#.#....#.######
#.#$.#.#....#......#
#.#..#.#....#......#
#.#..#.##.#........#
#.####....#.######..
#.........#...>....#
####################


You could see a friendly ufetubus (summoned).

Vanquished Creatures
  2 endoplasms (D:1)
  A giant cockroach (D:1)
  3 goblins
  4 hobgoblins (D:1)
  3 jackals (D:1)
  2 ball pythons (D:1)
  4 bats (D:1)
  2 frilled lizards (D:1)
  4 kobolds (D:1)
  2 rats
27 creatures vanquished.

Notes
Turn   | Place    | Note
-------+----------+-------------------------------------------
     0 | D:1      | Sin92 the Demonspawn Fighter began the quest for the Orb.
     0 | D:1      | Reached XP level 1. HP: 18/18 MP: 1/1
   281 | D:1      | Gained mutation: A weak demonic guardian rushes to your
                  | aid. [demonic ancestry]
   281 | D:1      | Reached XP level 2. HP: 24/24 MP: 2/2
   627 | D:1      | Found a faded altar of an unknown god.
   859 | D:2      | Reached XP level 3. HP: 29/29 MP: 3/3
   893 | D:2      | Noticed Sigmund
   904 | D:2      | Mangled by Sigmund

Illustrated notes

Levels and vault maps discovered:
D:1:      minmay_arrival_nine_rooms, layout_rooms,
          shapermc_ecumenical_altar_starsandcircs
D:2:      layout_basic, uniq_sigmund

Skill      XL: |  1 |
---------------+----+-----
Long Blades    | 2 |  2.3
Fighting       | |  3.1
Armour         | |  2.9
Dodging        | |  0.6
Shields        | |  2.9

Action                   || total
-------------------------++-------
Melee: Long sword        ||    48
       Whip              ||    12
  Use: Potion            ||     2
Armor: Scale mail        ||    32
       Chain mail        ||     5
Dodge: Dodged            ||    19
Block: Kite shield       ||    48
       Rpst.: Long sword ||    11
